Map: Jagannatha LE

Players

Asuna

  • Race: Protoss Protoss

Neeb - Winner!

  • Race: Protoss Protoss

Event: DreamHack SC2 Masters 2021 Winter

VOD

Have the link to the VOD?

Description

Time

  • Played on: Oct. 15, 2021, 3:06 p.m.
  • Length: 5:19

All games in this series

Show
View Real Time Build Order
Export as new Build Order

Asuna Protoss 

Build Orders: Blink Stalkers 

Get SALT Encoding   

  12  0:00  Probe  
  13  0:12  Probe  
  14  0:17  Pylon  
  14  0:24  Probe  
  15  0:37  Gateway, Probe (Chrono Boost)  
  16  0:47  Assimilator, Probe (Chrono Boost)  
  17  0:52  Probe (Chrono Boost)  
  17  0:55  Assimilator  
  18  1:04  Probe  
  19  1:09  Gateway  
  19  1:16  Probe  
  20  1:26  Cybernetics Core  
  20  1:28  Probe  
  21  1:40  Probe  
  22  1:51  Pylon  
  22  1:54  Probe  
  23  1:59  Warp Gate (Chrono Boost)  
  23  2:08  Stalker x2, Pylon  
  23  2:13  Probe  
  28  2:19  Pylon  
  28  2:36  Twilight Council  
  28  2:39  Stalker  
  28  2:40  Stalker  
  32  2:55  Gateway  
  32  3:08  Blink (Chrono Boost)  
  32  3:14  Pylon  
  32  3:20  Pylon  
  32  3:23  Shield Battery  
  32  3:34  Stalker  
  32  3:35  Stalker  
  36  3:45  Pylon  
  36  3:53  Stalker  
  36  4:01  Probe  
  29  4:13  Probe  
  30  4:20  Stalker  
  30  4:23  Stalker  
  34  4:28  Stalker  
  36  4:32  Probe  
  37  4:44  Probe  
  38  4:50  Stalker  
Show
View Real Time Build Order
Export as new Build Order

Neeb Protoss - Winner!

Build Orders: Oracle Opening 

Get SALT Encoding   

  12  0:00  Probe  
  13  0:12  Probe  
  14  0:17  Pylon  
  14  0:24  Probe  
  15  0:36  Gateway  
  15  0:38  Probe (Chrono Boost)  
  16  0:47  Probe (Chrono Boost)  
  16  0:48  Assimilator  
  17  0:53  Probe  
  17  0:56  Assimilator  
  18  1:05  Probe (Chrono Boost)  
  18  1:11  Gateway  
  19  1:17  Probe (Chrono Boost)  
  20  1:23  Probe (Chrono Boost)  
  21  1:26  Cybernetics Core  
  21  1:31  Probe  
  22  1:38  Pylon  
  22  1:43  Probe  
  23  1:56  Probe  
  24  2:04  Stalker x2  
  24  2:06  Warp Gate  
  28  2:10  Probe  
  29  2:19  Pylon  
  29  2:34  Stalker  
  31  2:37  Stalker  
  31  2:41  Stargate  
  32  3:08  Nexus  
  32  3:15  Probe  
  33  3:21  Oracle (Chrono Boost)  
  33  3:27  Probe  
  36  3:39  Pylon  
  37  3:44  Robotics Facility  
  36  3:57  Shield Battery  
  36  4:04  Void Ray (Chrono Boost)  
  36  4:10  Pylon  
  36  4:12  Pylon  
  36  4:18  Probe  
  37  4:26  Stalker  
  37  4:30  Probe  
  40  4:32  Immortal  
  40  4:33  Stalker  
  46  4:41  Pylon  
  46  4:42  Probe  
  47  4:58  Zealot  

Tags
 
Add a new tag
Caveats
  • Supply blocks, unpowered buildings, or Contaminate may cause inaccurate times.
  • Supply counts are checked every 10 seconds.